 Dungeon Crawl Stone Soup version 0.31-a0-188-g5e087ee2ca (webtiles) character file.

Game seed: 18277549136023300352

76 qw the Shooter (level 4, -1/25 HPs)
             Began as a Deep Elf Hunter on June 23, 2023.
             Slain by a gnoll
             ... wielding a +0 spear
              (3 damage)
             ... on level 3 of the Dungeon.
             The game lasted 00:00:41 (1873 turns).

qw the Shooter (Deep Elf Hunter)                    Turns: 1873, Time: 00:00:42

Health: -1/25      AC:  5    Str: 10    XL:     4   Next: 12%
Magic:  6/6        EV: 11    Int: 14    God:
Gold:   122        SH:  0    Dex: 18    Spells: 3/3 levels left

rFire   . . .        Y - +0 shortbow
rCold   . . .        (shield currently unavailable)
rNeg    . . .        f - +0 ring mail
rPois   .            (no helmet)
rElec   .            (no cloak)
rCorr   .            (no gloves)
SInv    .            (no boots)
Will    .....        (no amulet)
Stlth   +            (no ring)
HPRegen 0.24/turn    (no ring)
MPRegen 0.10/turn

%: no passive effects
@: no status effects
A: no striking features
a: no special abilities


You were on level 3 of the Dungeon.
You visited 1 branch of the dungeon, and saw 3 of its levels.

You collected 122 gold pieces.


   Skills:
 - Level 1.5 Fighting
 + Level 7.5 Ranged Weapons
 - Level 2.4 Dodging
 - Level 1.2 Stealth


You had 3 spell levels left.
You didn't know any spells.
Your spell library was empty.

Inventory:

Hand Weapons
 Y - a +0 shortbow (weapon)
Armour
 b - a +0 helmet
 f - a +0 ring mail (worn)
 g - a +0 pair of boots
Scrolls
 a - a scroll of identify
Potions
 c - a potion of ambrosia {unknown}
 d - 2 potions of enlightenment {unknown}
 e - 3 potions of mutation {unknown}

Dungeon Overview and Level Annotations

Branches:
Dungeon (3/15)

Altars:
Wu Jian


Message History

Enter note: You shoot an arrow.
The arrow barely misses the gnoll.
The gnoll shouts! x2
You hear a shout!
You shoot an arrow. The arrow hits the gnoll.
The gnoll is moderately wounded.
You shoot an arrow. The arrow closely misses the gnoll.
A gnoll comes into view. It is wielding a +0 club.
You shoot an arrow. The arrow hits the gnoll.
The gnoll is severely wounded.
The gnoll throws a stone.
The stone hits you.
You shoot an arrow. The arrow hits the gnoll.
The gnoll is almost dead.
You shoot an arrow. The arrow completely misses the gnoll.
The gnoll barely misses you.
You shoot an arrow. The arrow hits the gnoll.
You kill the gnoll!
The gnoll throws a stone.
The stone barely misses you.
The gnoll hits you from afar with a +0 spear!
You have reached level 4!
You feel clever.
You shoot an arrow.
The arrow hits the gnoll but does no damage.
The gnoll barely misses you.
You shoot an arrow. The arrow hits the gnoll.
The gnoll is lightly wounded.
The gnoll hits you from afar with a +0 spear.
You shoot an arrow. The arrow barely misses the gnoll.
The gnoll hits you from afar with a +0 spear.
You shoot an arrow. The arrow barely misses the gnoll.
The arrow hits the gnoll.
The gnoll is heavily wounded.
The gnoll splashes around in the water.
You shoot an arrow. The arrow closely misses the gnoll.
The gnoll completely misses you. The gnoll hits you with a +0 club.
The gnoll hits you but does no damage.
You shoot an arrow. The arrow barely misses the gnoll.
The gnoll closely misses you. The gnoll hits you but does no damage.
You shoot an arrow. The arrow barely misses the gnoll.
The gnoll barely misses you.
The gnoll hits you from afar with a +0 spear.
You die...

#.# #.# #.### #.# #...#
#.#### . #.#.# #.##.##
..
....########.#...####...
........................
........####.#....~~....
#.#.###.# #.##.g..~....
#.#.# #.# #.##.@)g~~~~.
#.#.# #.# #.###........
#.#.. #.# #.. #####...#
#.##. #.# ### ### #.#
.##.# #.# ..#


You could see 2 gnolls.

Vanquished Creatures
  A gnoll (D:3)
  2 dart slugs
  An orc (D:3)
  7 ball pythons
  5 bats
  7 endoplasms
  2 giant cockroaches
  6 goblins
  7 hobgoblins
  4 quokkas
  4 frilled lizards
  8 kobolds
  2 rats
56 creatures vanquished.

Notes
Turn   | Place    | Note
-------+----------+-------------------------------------------
     0 | D:1      | qw the Deep Elf Hunter began the quest for the Orb.
     0 | D:1      | Reached XP level 1. HP: 12/12 MP: 3/3
     0 | D:1      | 0 ||| qw: Version: 0.3-a-9-g12657ce
     0 | D:1      | 0 ||| qw: Game counter: 3197
     0 | D:1      | 0 ||| qw: Always use a shield: true
     0 | D:1      | 0 ||| qw: God list: Okawaru
     0 | D:1      | 0 ||| qw: Allow faded altars: false
     0 | D:1      | 0 ||| qw: Do Orc after D:15 true
     0 | D:1      | 0 ||| qw: Do second Lair branch before Depths: true
     0 | D:1      | 0 ||| qw: Lair rune preference: random
     0 | D:1      | 0 ||| qw: Plans: Normal
     0 | D:1      | 0 ||| PLANNING D:1-11
   169 | D:1      | Reached skill level 6 in Ranged Weapons
   169 | D:1      | Reached XP level 2. HP: 16/16 MP: 4/4
   352 | D:1      | 352 ||| UPGRADING to +0 ring mail.
   362 | D:1      | 362 ||| UPGRADING to +0 leather armour.
   367 | D:1      | 367 ||| UPGRADING to +0 ring mail.
   377 | D:1      | 377 ||| DROPPING +0 leather armour.
   610 | D:1      | Reached XP level 3. HP: 20/20 MP: 5/5
  1012 | D:1      | 1012 ||| READING scroll labelled EDYUZXALEH.
  1013 | D:1      | 1013 ||| DROPPING scroll of butterflies.
  1224 | D:2      | Reached skill level 7 in Ranged Weapons
  1581 | D:2      | 1581 ||| READING 2 scrolls of identify.
  1581 | D:2      | 1581 ||| IDENTIFYING bubbling clear potion
  1582 | D:2      | 1582 ||| DROPPING potion of invisibility.
  1703 | D:3      | Found an ornate altar of the Wu Jian Council.
  1867 | D:3      | Reached XP level 4. HP: 11/25 MP: 6/6
  1868 | D:3      | HP: 6/25 [gnoll/+0 spear (5)]
  1869 | D:3      | HP: 2/25 [gnoll/+0 spear (5)]
  1873 | D:3      | Slain by a gnoll

Levels and vault maps discovered:
D:1:      minmay_arrival_split_and_join, layout_loops_corners, serial_bayou,
          serial_bayou_pond_e, serial_bayou_shore_a, serial_bayou_lagoon_b,
          serial_bayou_crossing
D:2:      layout_basic
D:3:      layout_loops_corners, nzn_wu_jian_contemplation, serial_rivers,
          chequers_serial_rivers_micro_c, chequers_serial_rivers_micro_d,
          chequers_serial_rivers_micro_d, chequers_serial_rivers_small_b,
          chequers_serial_rivers_micro_d, chequers_serial_rivers_micro_d,
          chequers_serial_rivers_micro_a, chequers_serial_rivers_micro_b

Skill      XL: |  1  2  3 |
---------------+----------+-----
Ranged Weapons | 6 7 |  7.5
Fighting       | |  1.5
Dodging        | |  2.4
Stealth        | |  1.2

Action                     |  1- 3 |  4- 6 || total
---------------------------+-------+-------++-------
   Fire: Shortbow          |   158 |     7 ||   165
    Use: Scroll            |     2 |       ||     2
 Armour: Leather armour    |     5 |       ||     5
         Ring mail         |    17 |     2 ||    19
  Dodge: Dodged            |    55 |     4 ||    59

Table legend:
 A = Non-vault XP
 B = Vault XP
 C = Vault XP percentage of total XP
 D = Non-vault monster count
 E = Vault monster count
 F = Vault count percentage of total count
                 A         B        C        D         E       F
            +---------+---------+-------+---------+---------+-------
      Total |     109 |       0 |   0.0 |      56 |       0 |   0.0
            +---------+---------+-------+---------+---------+-------
        D:1 |      46 |       0 |   0.0 |      29 |       0 |   0.0
        D:2 |      32 |       0 |   0.0 |      18 |       0 |   0.0
        D:3 |      31 |       0 |   0.0 |       9 |       0 |   0.0
            +---------+---------+-------+---------+---------+-------
